 Dungeon Crawl Stone Soup version 0.31-a0-188-g5e087ee2ca (webtiles) character file.

Game seed: 14566584730728898233

62 qw the Shooter (level 3, -8/20 HPs)
             Began as a Deep Elf Hunter on June 23, 2023.
             Blown up by Ijyb (9 damage)
             ... with a mindburst bolt
             ... on level 3 of the Dungeon.
             The game lasted 00:00:47 (1945 turns).

qw the Shooter (Deep Elf Hunter)                    Turns: 1945, Time: 00:00:47

Health: -8/20      AC:  7    Str: 10    XL:     3   Next: 85%
Magic:  5/5        EV: 11    Int: 13    God:
Gold:   84         SH:  0    Dex: 18    Spells: 2/2 levels left

rFire   . . .        Y - +0 shortbow
rCold   . . .        (shield currently unavailable)
rNeg    . . .        e - +0 ring mail
rPois   .            (no helmet)
rElec   .            g - +0 cloak
rCorr   .            f - +0 pair of gloves
SInv    .            (no boots)
Will    .....        (no amulet)
Stlth   +            (no ring)
HPRegen 0.23/turn    (no ring)
MPRegen 0.09/turn

%: no passive effects
@: no status effects
A: no striking features
a: no special abilities


You were on level 3 of the Dungeon.
You visited 1 branch of the dungeon, and saw 3 of its levels.

You collected 84 gold pieces.


   Skills:
 - Level 1.5 Fighting
 + Level 7.3 Ranged Weapons
 - Level 2.4 Dodging
 - Level 1.2 Stealth


You had 2 spell levels left.
You didn't know any spells.
Your spell library was empty.

Inventory:

Hand Weapons
 Y - a +0 shortbow (weapon)
Armour
 e - a +0 ring mail (worn)
 f - a +0 pair of gloves (worn)
 g - a +0 cloak (worn)
Jewellery
 h - a +6 ring of strength
Scrolls
 a - a scroll of enchant armour {unknown}
 b - a scroll of identify
Potions
 c - a potion of curing {unknown}
 d - a potion of attraction {unknown}

Dungeon Overview and Level Annotations

Branches:
Dungeon (3/15)

Altars:
Dithmenos

Annotations:
D:3 Ijyb


Message History

You kill the dart slug!
h - a +6 ring of strength
Found a stone staircase leading down.
Ijyb the Twisted Goblin comes into view.
She is wielding a +0 club and carrying a wand of mindburst (17).
Ijyb shouts!
A bat comes into view.
Ijyb drinks a potion.
Ijyb seems to speed up.
The bat moves out of view.
You shoot an arrow. The arrow hits Ijyb but does no damage.
Ijyb zaps a wand.
You barely resist.
Ijyb zaps a wand.
Your mind is blasted!
You shoot an arrow. The arrow completely misses Ijyb.
Ijyb zaps a wand.
You barely resist.
Ijyb zaps a wand.
You barely resist. You shoot an arrow. The arrow hits Ijyb but does no damage.
A ball python comes into view.
You shoot an arrow. The ball python hisses angrily.
The arrow hits Ijyb but does no damage.
You shoot an arrow. The arrow hits Ijyb but does no damage.
You shoot an arrow. The arrow barely misses Ijyb.
Ijyb barely misses you.
You shoot an arrow. The arrow hits Ijyb but does no damage.
Ijyb zaps a wand.
You barely resist. Ijyb barely misses you.
You shoot an arrow. The arrow hits Ijyb but does no damage.
Ijyb closely misses you. Ijyb misses you.
You shoot an arrow. The arrow hits Ijyb but does no damage.
Ijyb hits you but does no damage. Ijyb hits you with a +0 club.
You shoot an arrow. The arrow hits Ijyb but does no damage.
Ijyb zaps a wand.
Your mind is blasted!
You shoot an arrow. The arrow completely misses Ijyb.
The arrow hits the ball python but does no damage.
Ijyb hits you with a +0 club. Ijyb closely misses you.
You shoot an arrow. The arrow hits Ijyb.
Ijyb is lightly wounded.
Ijyb barely misses you.
Ijyb zaps a wand.
Your mind is blasted!
You shoot an arrow. The arrow hits Ijyb but does no damage.
Ijyb is lightly wounded.
Ijyb hits you with a +0 club.
Ijyb zaps a wand.
You barely resist. You shoot an arrow. The arrow hits Ijyb but does no damage.
Ijyb is lightly wounded.
Ijyb hits you but does no damage.
Ijyb zaps a wand.
Your mind is blasted!
You die...

. ..... #. #...# .......#
..#...# #......# .#...
#......# .... #......# .S#
#......# #g# #......# #@#
#......# #.## #......#
#..### #.(....### ##...#
####<..).# ###.##########.
#####.### #..##........
#......# ##....>......
#.##.#.# ###.........
#.#..#.###########.########


You could see Ijyb (fast) and a ball python.

Vanquished Creatures
  An adder (D:2)
  2 adder skeletons (D:2)
  2 dart slugs
  A bat zombie (D:2)
  2 endoplasms
  3 goblins
  3 hobgoblins (D:2)
  6 jackals (D:1)
  A quokka (D:1)
  3 ball pythons (D:1)
  A ball python skeleton (D:2)
  3 ball python zombies (D:2)
  3 bats (D:1)
  A frilled lizard (D:1)
  3 kobolds
  A quokka skeleton (D:2)
  A quokka zombie (D:2)
  6 rats
43 creatures vanquished.

Notes
Turn   | Place    | Note
-------+----------+-------------------------------------------
     0 | D:1      | qw the Deep Elf Hunter began the quest for the Orb.
     0 | D:1      | Reached XP level 1. HP: 12/12 MP: 3/3
     0 | D:1      | 0 ||| qw: Version: 0.3-a-9-g12657ce
     0 | D:1      | 0 ||| qw: Game counter: 3968
     0 | D:1      | 0 ||| qw: Always use a shield: true
     0 | D:1      | 0 ||| qw: God list: Okawaru
     0 | D:1      | 0 ||| qw: Allow faded altars: false
     0 | D:1      | 0 ||| qw: Do Orc after D:15 true
     0 | D:1      | 0 ||| qw: Do second Lair branch before Depths: true
     0 | D:1      | 0 ||| qw: Lair rune preference: random
     0 | D:1      | 0 ||| qw: Plans: Normal
     0 | D:1      | 0 ||| PLANNING D:1-11
    77 | D:1      | Reached XP level 2. HP: 7/16 MP: 4/4
   115 | D:1      | Reached skill level 6 in Ranged Weapons
   717 | D:1      | 717 ||| UPGRADING to +0 ring mail.
   727 | D:1      | 727 ||| DROPPING +0 leather armour.
   728 | D:1      | 728 ||| UPGRADING to +0 pair of gloves.
   733 | D:1      | 733 ||| UPGRADING to +0 cloak.
   738 | D:1      | 738 ||| READING scroll labelled HYAMIE WIAFI.
   742 | D:1      | 742 ||| READING scroll labelled ISU DE MAZXY.
   743 | D:1      | 743 ||| READING scroll labelled DAORAO TEYFUFU.
   844 | D:1      | 844 ||| DROPPING scroll of butterflies.
   971 | D:2      | Reached XP level 3. HP: 20/20 MP: 5/5
   977 | D:2      | Found a faded altar of an unknown god.
  1242 | D:2      | 1242 ||| FLEEEEING.
  1243 | D:2      | 1243 ||| FLEEEEING.
  1250 | D:2      | Found a shadowy altar of Dithmenos.
  1467 | D:2      | Reached skill level 7 in Ranged Weapons
  1499 | D:2      | 1499 ||| FLEEEEING.
  1500 | D:2      | 1500 ||| FLEEEEING.
  1501 | D:2      | 1501 ||| FLEEEEING.
  1502 | D:2      | 1502 ||| FLEEEEING.
  1503 | D:2      | 1503 ||| FLEEEEING.
  1504 | D:2      | 1504 ||| FLEEEEING.
  1505 | D:2      | 1505 ||| FLEEEEING.
  1506 | D:2      | 1506 ||| FLEEEEING.
  1507 | D:2      | 1507 ||| FLEEEEING.
  1508 | D:2      | 1508 ||| FLEEEEING.
  1509 | D:2      | 1509 ||| FLEEEEING.
  1510 | D:2      | 1510 ||| FLEEEEING.
  1511 | D:2      | 1511 ||| FLEEEEING.
  1512 | D:2      | 1512 ||| FLEEEEING.
  1513 | D:2      | 1513 ||| FLEEEEING.
  1514 | D:2      | 1514 ||| FLEEEEING.
  1517 | D:2      | 1517 ||| FLEEEEING.
  1518 | D:2      | 1518 ||| FLEEEEING.
  1519 | D:2      | 1519 ||| FLEEEEING.
  1521 | D:2      | 1521 ||| FLEEEEING.
  1522 | D:2      | 1522 ||| FLEEEEING.
  1523 | D:2      | 1523 ||| FLEEEEING.
  1525 | D:2      | 1525 ||| STAIRDANCE
  1539 | D:1      | 1539 ||| READING 2 scrolls labelled MELLOG QOSHAGA.
  1540 | D:1      | 1540 ||| READING 2 scrolls labelled HUIBLI CAASS.
  1541 | D:1      | 1541 ||| DROPPING scroll of fog.
  1804 | D:2      | 1804 ||| READING 2 scrolls of identify.
  1804 | D:2      | 1804 ||| IDENTIFYING fizzy orange potion
  1805 | D:2      | 1805 ||| DROPPING potion of lignification.
  1870 | D:3      | 1870 ||| FLEEEEING.
  1931 | D:3      | Noticed Ijyb
  1942 | D:3      | HP: 4/20 [Ijyb/+0 club (2)]
  1943 | D:3      | HP: 1/20 [disintegration (3)]
  1945 | D:3      | Blown up by Ijyb

Levels and vault maps discovered:
D:1:      lemuel_arrival_behind_the_door_small, layout_basic,
          minmay_misc_feat_secret_circle, minmay_misc_feat_plants
D:2:      layout_basic, serial_undead, serial_undead_b, serial_undead_a,
          serial_undead_a, serial_undead_e,
          shapermc_ecumenical_altar_mp_urbaneastern, basic_altar
D:3:      layout_basic, uniq_ijyb, uniq_terence

Skill      XL: |  1  2  3 |
---------------+----------+-----
Ranged Weapons | 6 7 |  7.3
Fighting       | |  1.5
Dodging        | |  2.4
Stealth        | |  1.2

Action                     || total
---------------------------++-------
   Fire: Shortbow          ||   147
    Use: Scroll            ||     6
 Armour: Leather armour    ||    21
         Ring mail         ||    17
  Dodge: Dodged            ||    47

Table legend:
 A = Non-vault XP
 B = Vault XP
 C = Vault XP percentage of total XP
 D = Non-vault monster count
 E = Vault monster count
 F = Vault count percentage of total count
                 A         B        C        D         E       F
            +---------+---------+-------+---------+---------+-------
      Total |      71 |      18 |  20.2 |      34 |       9 |  20.9
            +---------+---------+-------+---------+---------+-------
        D:1 |      38 |       0 |   0.0 |      23 |       0 |   0.0
        D:2 |      29 |      18 |  38.3 |      10 |       9 |  47.4
        D:3 |       4 |       0 |   0.0 |       1 |       0 |   0.0
            +---------+---------+-------+---------+---------+-------
